Cogmind - Beta 16.1 @@@ ROGUE MODE // 2026.04.23 @ 23:01:58 Player: Bereft Result: Destroyed by G-34 Mercenary with Small Laser Performance ------------- Evolutions (1) 500 Regions Visited (2) 400 Robots Destroyed (10) 50 Value Destroyed (319) 319 Prototype IDs (1) 20 Alien Tech Used (0) 0 Bonus (0) 0 TOTAL SCORE: 1289 Bonus ------- None Cogmind --------- Core Integrity 0/400 Matter 300/300 Energy 280/280 System Corruption 9% Temperature Cool (6) Movement Walking (190) Ox1 Location -9/Materials Parts ------- > --- POWER (1) -------- Heavy Ion Engine > --- PROPULSION (2) --- Aluminum Leg > --- UTILITY (4) ------ (None) > --- WEAPON (2) ------- Heavy Hammer > --- INVENTORY (5) ---- Ion Engine Mining Laser Peak State ------------ > --- POWER ------------ Ion Engine > --- PROPULSION ------- Aluminum Leg Aluminum Leg > --- UTILITY ---------- Small Storage Unit Improved Terrain Scanner > --- WEAPON ----------- Medium Laser Small Laser > --- INVENTORY -------- Ion Engine Small Laser Mining Laser [Rating: 9] Favorites ----------- Power Heavy Ion Engine Engine Heavy Ion Engine Propulsion Aluminum Leg Leg Aluminum Leg Utility Small Storage Unit Device Improved Terrain Scanner Storage Small Storage Unit Weapon Small Laser Energy Gun Small Laser Launcher Grenade Launcher Impact Weapon Heavy Hammer Build | -11 -10 -9 ------- Run | Yrd Mat Mat Slots Evolved 2 | . . 2 Power . | . . . Propulsion . | . . . Utility 2 | . . 2 Weapon . | . . . Parts Attached 13 | 7 2 4 Power 3 | 1 1 1 Engine 3 | 1 1 1 Core . | . . . Reactor . | . . . Propulsion 3 | 2 . 1 Treads . | . . . Leg 3 | 2 . 1 Wheel . | . . . Hover . | . . . Flight . | . . . Utility 2 | 2 . . Device 1 | 1 . . Storage 1 | 1 . . Processor . | . . . Hackware . | . . . Protection . | . . . Artifact . | . . . Weapon 5 | 2 1 2 Energy Gun 3 | 2 . 1 Energy Cannon . | . . . Ballistic Gun . | . . . Ballistic Cannon . | . . . Launcher 1 | . 1 . Special Weapon . | . . . Impact Weapon 1 | . . 1 Slashing Weapon . | . . . Piercing Weapon . | . . . Special Melee Weapon . | . . . Unidentified Prototypes 1 | . . 1 Corrupted Parts 1 | . . 1 System Corruption 9 | . . 9 Parts Lost 3 | . . 3 Power 1 | . . 1 Propulsion . | . . . Utility . | . . . Weapon 2 | . . 2 Highest Loss Streak 3 | . . 3 To Critical Strikes . | . . . Average Backups 2 | 1 3 2 Power . | . 1 1 Propulsion . | . . . Utility . | . . . Weapon 1 | . 2 1 Tool/Special . | . . . Unused Backups 2 | . . 2 Power 1 | . . 1 Propulsion . | . . . Utility . | . . . Weapon 1 | . . 1 Tool/Special . | . . . Average Slot Usage (%) 36 | . 74 23 Engine 10 | . 11 9 Leg 6 | . 20 1 Device 2 | . 10 . Storage 2 | . 10 . Energy Gun 9 | . 19 6 Impact Weapon 4 | . . 6 Peak Build Rating 9 | 9 9 6 Average Rating 4 | 5 7 3 On Entrance 3 | . 9 1 Avg Prop Armor Cover (%) . | . . . Naked Turns 14 | . 14 . Heaviest Build 16 | 14 16 12 Greatest Support 20 | 20 20 10 Greatest Overweight (x) 3 | . . 3 Average Overweight (x) . | . . . Largest Inventory Capacity 8 | 8 8 5 Average Capacity 5 | 6 7 5 Most Carried 4 | 3 4 4 Average Carried 2 | 1 3 2 Final Capacity 8 | 8 5 5 Final Carried 4 | 3 4 2 Class Distribution -------------------- 100% | Mutant Dominant Class ---------------- Mutant | -10/Materials Mutant | -9/Materials Resources | -11 -10 -9 ----------- Run | Yrd Mat Mat Matter Collected 347 | 269 1 77 Remotely . | . . . Salvage Created 332 | 27 1 304 Parts 13 | 4 2 7 Haulers Intercepted . | . . . Recyclers Shooed . | . . . Parts Field Recycled . | . . . Retrieved Matter . | . . . Parts Self-Destructed . | . . . Prevented . | . . . Parts Restored . | . . . Kills | -11 -10 -9 ------- Run | Yrd Mat Mat Combat Hostiles Destroyed 8 | . . 8 Melee 3 | . . 3 Guns 1 | . . 1 Classes Destroyed 4 | 1 1 2 Tunneler 1 | 1 . . Watcher 1 | . 1 . Grunt 7 | . . 7 Sentry 1 | . . 1 Best Kill Streak 4 | 1 1 4 Combat Bots Only 4 | . . 4 Max Kills in Single Turn 1 | 1 1 1 Gunslinging . | . . . Exploded . | . . . Melee 1 | . . 1 Uniques/NPCs Destroyed . | . . . Combat | -11 -10 -9 -------- Run | Yrd Mat Mat Hostile Shots Fired 123 | . 38 85 Missed 43 | . 20 23 Hits 80 | . 18 62 Projectile 80 | . 18 62 Critical Strikes 2 | . . 2 Damage Taken 1003 | . 213 790 Core 486 | . 81 405 Absorbed by Shields . | . . . Core Remaining (%) 83 | 100 67 . Volleys Fired 24 | 8 4 12 Largest 2 | 2 2 2 Hottest 90 | 90 80 80 Shots Fired 45 | 16 6 23 Gun 43 | 16 4 23 Cannon . | . . . Launcher 2 | . 2 . Special . | . . . Kinetic . | . . . Thermal 43 | 16 4 23 Explosive 2 | . 2 . Electromagnetic . | . . . Robot Hit Streak 8 | 4 3 8 Robot Miss Streak 3 | 1 3 3 Penetration Max . | . . . Secondary Targets . | . . . Shots Hit Robots 49 | 12 3 34 Core Hits 10 | 2 3 5 Critical Kills 1 | . . 1 Critical Parts Destroyed 3 | . . 3 Critical Strikes 4 | . . 4 Smash 4 | . . 4 Melee Attacks 21 | . . 21 Impact 21 | . . 21 Slashing . | . . . Piercing . | . . . Sneak Attacks . | . . . Combat Hostiles . | . . . Follow-up Attacks . | . . . Damage Inflicted 1040 | 142 135 763 Guns 372 | 142 25 205 Cannons . | . . . Explosions 110 | . 110 . Melee 550 | . . 550 Ramming 8 | . . 8 Kinetic . | . . . Thermal 372 | 142 25 205 Explosive 110 | . 110 . Electromagnetic . | . . . Impact 550 | . . 550 Slashing . | . . . Piercing . | . . . Highest Corruption 9 | . . 9 Average Corruption 9 | . . 9 Corruption Purged . | . . . Corruption Blocked . | . . . Effects 1 | . . 1 Heat Flow Errors 1 | . . 1 Overload Shots . | . . . Overflow Damage 185 | . 6 179 Projectiles . | . . . Explosions 6 | . 6 . Melee 179 | . . 179 Knockbacks 2 | . . 2 Impact 2 | . . 2 Kinetic . | . . . Secondary . | . . . Self-Inflicted Damage 55 | . 52 3 Shots 2 | . 2 . Rammed 2 | . . 2 Targets Rammed 2 | . . 2 Kicked . | . . . Crushed . | . . . Highest Temperature 184 | 184 56 172 Average Temperature 75 | 101 30 66 Received Heat Transfer 450 | . 6 444 Siege Activations . | . . . Martial Activations . | . . . Shielding Activations . | . . . Robots Disrupted . | . . . Combat Hostiles . | . . . Robots Corrupted 4 | . . 4 Combat Hostiles 4 | . . 4 Parts Fried 6 | . . 6 Impact Corruptions 6 | . . 6 Robots Melted . | . . . Combat Hostiles . | . . . Parts Melted 1 | 1 . . Heat Transferred 921 | 372 74 475 Parts Sabotaged . | . . . Parts Stolen . | . . . Parts Stripped . | . . . Power Chain Reactions . | . . . Alert | -11 -10 -9 ------- Run | Yrd Mat Mat Maximum Alert Level . | . . . Low Security (%) 100 | 100 100 100 Level 1 . | . . . Level 2 . | . . . Level 3 . | . . . Level 4 . | . . . Level 5 . | . . . High Security . | . . . Max Security . | . . . Peak Influence 195 | 5 24 195 Initial 5 | . . 5 Average 49 | . 5 79 Influence Increases 343 | 5 24 314 Destroy 0b10 Robot/C 160 | . . 160 Destroy 0b10 Robot/NC 10 | 5 5 . Destroy Leader 32 | . 2 30 Successful Hack 4 | . . 4 Destroy Structure 17 | . 17 . Partial Spotted 15 | . . 15 Lose Combat Pursuer 105 | . . 105 Influence Decreases 168 | 5 10 153 Entered New Map 9 | . . 9 Time Decay 129 | 5 10 114 Lost Part 30 | . . 30 Squads Dispatched 3 | . 1 2 Investigation 1 | . . 1 Extermination . | . . . Reinforcement 2 | . 1 1 Assault . | . . . Garrison . | . . . Intercept . | . . . Searches Triggered . | . . . Construction Impeded . | . . . Haulers Reinforced . | . . . Active Scanning Responses . | . . . Cargo Convoy Interrupts . | . . . Stealth | -11 -10 -9 --------- Run | Yrd Mat Mat Distress Signals 2 | . 2 . Communications Jammed . | . . . Distress Signals . | . . . Times Spotted 28 | . 9 19 Peak Tracking Total 10 | . 9 10 Tactical Retreats 2 | . . 2 Traps | -11 -10 -9 ------- Run | Yrd Mat Mat Traps Triggered . | . . . Indirectly . | . . . Trap Hack Attempts . | . . . Triggered . | . . . Disarmed . | . . . Reprogrammed . | . . . Reused . | . . . Traps Extracted . | . . . Installed . | . . . Triggered . | . . . Machines | -11 -10 -9 ---------- Run | Yrd Mat Mat Machines Disabled . | . . . Max in Single Turn . | . . . Machines Repaired . | . . . Machines Dismantled . | . . . Machines Sabotaged . | . . . Overloaded Fab Kills . | . . . Hacking | -11 -10 -9 --------- Run | Yrd Mat Mat Machines Accessed 2 | . 1 1 Terminals 2 | . 1 1 Fabricators . | . . . Repair Stations . | . . . Recycling Units . | . . . Scanalyzers . | . . . Garrison Access . | . . . Total Hacks 5 | . 2 3 Successful 4 | . 1 3 Failed 1 | . 1 . Catastrophic . | . . . Database Lockouts . | . . . Manual . | . . . Terminals 5 | . 2 3 Fabricators . | . . . Repair Stations . | . . . Recycling Units . | . . . Scanalyzers . | . . . Garrison Access . | . . . Terminal Hacks 4 | . 1 3 Record 1 | . . 1 Emergency Access Points 1 | . . 1 Locate Traps 1 | . . 1 Recall Investigation 1 | . 1 . Fabricator Hacks . | . . . Repair Station Hacks . | . . . Recycling Unit Hacks . | . . . Scanalyzer . | . . . Garrison Access Hacks . | . . . Unauthorized Hacks . | . . . Terminals . | . . . Fabricators . | . . . Repair Stations . | . . . Recycling Units . | . . . Scanalyzers . | . . . Garrison Access . | . . . Data Cores Recovered . | . . . Used . | . . . Hacking Detections 2 | . 1 1 Full Trace Events 1 | . . 1 Feedback Events . | . . . Feedback Blocked . | . . . Robot Schematics Acquired . | . . . Robots Built . | . . . Authchips . | . . . Time . | . . . Total Robot Build Rating . | . . . Part Schematics Acquired . | . . . Parts Built . | . . . Authchips . | . . . Time . | . . . Total Part Build Rating . | . . . Part Studies Acquired . | . . . Parts Repaired . | . . . Time . | . . . Parts Recycled . | . . . Recycled Matter . | . . . Retrieved Matter . | . . . Retrieved Components . | . . . Parts Scanalyzed . | . . . Part Schematics Acquired . | . . . Parts Damaged . | . . . Bothacking | -11 -10 -9 ------------ Run | Yrd Mat Mat Used RIF Installer . | . . . Robots Hacked . | . . . Non-combat . | . . . Combat . | . . . Robot Hacks Applied . | . . . Relay Couplers Released . | . . . Fabnet Peak Effective % . | . . . Robots Rewired . | . . . Allies Hacked . | . . . Hacks Repelled . | . . . Allies | -11 -10 -9 -------- Run | Yrd Mat Mat Total Allies . | . . . Largest Group . | . . . Highest-Rated Group . | . . . Highest-Rated Ally . | . . . Total Orders . | . . . Ally Attacks . | . . . Total Damage . | . . . Kills . | . . . Allies Corrupted . | . . . Allies Melted . | . . . Intel | -11 -10 -9 ------- Run | Yrd Mat Mat Active Infowar (turns) 86 | 13 73 . Terrain 86 | 13 73 . Robot Analysis Total . | . . . Derelict Logs Recovered . | . . . Drone Launches . | . . . Drone Recoveries . | . . . Exploration | -11 -10 -9 ------------- Run | Yrd Mat Mat Turns Passed 489 | 95 95 299 Spaces Moved 342 | 52 91 199 Core 232 | 7 41 184 Treads . | . . . Legs 110 | 45 50 15 Wheels . | . . . Hover . | . . . Flight . | . . . Fastest Speed 50 | 50 50 50 Average Speed 94 | 110 88 93 Slowest Speed 200 | 120 120 200 Overloaded Moves . | . . . Propulsion Burnouts . | . . . Robots Hopped . | . . . Potential Cave-ins . | . . . Cave-ins Triggered . | . . . Exploration Rate (%) 16 | 4 27 18 Regions Visited 2 Branch Regions . Pre-discovered Areas . | . . . Known Exits Taken . | . . . Unknown Exits Taken 2 | 1 1 . Scrap Searched . | . . . Spaces Dug . | . . . Terrain Destroyed 16 | . 16 . Melee . | . . . Projectile . | . . . AOE 16 | . 16 . Terrain Rammed . | . . . Walls Destroyed . | . . . Machines Disabled . | . . . Actions | -11 -10 -9 --------- Run | Yrd Mat Mat Total 419 | 71 97 251 Wait 12 | . . 12 Move 340 | 51 90 199 Hop . | . . . Pick Up 6 | 5 1 . Fast Attach 9 | 5 1 3 Attach 4 | 2 . 2 Detach . | . . . Swap 1 | . 1 . Drop . | . . . Fire 24 | 8 4 12 Melee 21 | . . 21 Ram 2 | . . 2 Kick . | . . . Crush . | . . . Escape Stasis . | . . . Rewire . | . . . Trap . | . . . Miscellaneous . | . . . Route ------- -11/Scrapyard -10/Materials -9/Materials History --------- Turn | Location | Event 5 | -11/Scrapyard | Discovered new exit (range 15) 96 | -11/Scrapyard | Entered Materials 169 | -10/Materials | Released all parts (7) 187 | -10/Materials | Discovered new exit (range 9) 191 | -10/Materials | Entered another Materials area 191 | -9/Materials | Evolved 2 slots: Utility x2 307 | -9/Materials | Build established: Mutant 338 | -9/Materials | Core integrity fell below 50% 366 | -9/Materials | Lost 3 parts (1p2w) 410 | -9/Materials | Core integrity fell below 20% 490 | -9/Materials | Destroyed by G-34 Mercenary with Small Laser Last Messages --------------- G-34 Mercenary knocked back. G-34 Mercenary system terminally corrupted. Ion Engine fried. Aluminum Leg fried. ALERT: Hostiles spotted, dispatching reinforcements to Terminal M003. Critical hit (Burn: +37). G-34 Mercenary suffers critical hit (Smash). G-34 Mercenary destroyed. R-06 Scavenger collects Corrupted Hvy. Assault Rifle. Destroyed Lgt. Nuclear Core. G-47 Trooper system corrupted by crushing effect. G-47 Trooper system terminally corrupted. Imp. Heat Sink fried. Acquired Corrupted Aluminum Leg. Integrated Corrupted Aluminum Leg (+9). Acquired 10 matter. System corrupted: Heat flow error (+165). Map ----- +----------------------------------------------------+ | | | | | | | | | ????????????????????????????????????????????????? | | ????????????????????????????????????????????????? | | ????????????????????????????????????????????????? | | ????????????????????????????????????????????????? | | ????????????????????????????????????????????????? | | ????????????????????????????????????????????????? | | ????????????????????????????????????????????????? | | ????????????????????????????????????????????????? | | ????????????????################????????????????? | | ????????????????# % # ?????????????????? | | ????????????????# "" [# ??????????????????? | | ????????????????#! """%# #############???????? | | ????????????????# "% %# # #???????? | | ????????????????# %+% / """ """ ##??????? | | ????????????????#*% "" %# # """ """ #??????? | | ????????????????# """[# # """ """ #???????? | | ????????????????#*/ """ # # #???????? | | ????????????????# # # "T" #???????? | | ????????????????########## # #???????? | | ?????????????????????????# ######+######???????? | | ????????????????????????## ##???# #????????????? | | ????????????????????????#@ #???# #????????????? | | ??????????????????????? #???# #????????????? | | ????????????????????? g T #???# ############?? | | ????????????????????##### #???# ## #?? | | ????????????????????????##+###???# ## = #?? | | ????????????????????????????????## ## #?? | | ????????????????????????????????# # #?? | | ????????????????????????????????# + """ """ #?? | | ????????????????????????????????# # """ """???? | | ????????????????????????????????# # """ ""????? | | ????????????????????????????????# # ????? | | ????????????????????????????????# ########????? | | ????????????????????????????????# #???????????? | | ????????????????????????????????# #???????????? | | ????????????????? ###########???# #???????????? | | ?????????????????? #??# #???????????? | | ????????????????? #??# /???????????? | | ????????????????? #??#" #???????????? | | ?????????????????? ####%" #???????????? | | ??????????????????""" """ " #???????????? | | ??????????????????""" """ #???????????? | | ??????????????"" """ """ #???????????? | | ????????????? #???????????? | | ????????????? ! #???????????? | | ????????????????######### ########???????????? | +----------------------------------------------------+ Best States ------------- Heat Dissipation 28 Energy Generation 14 Energy Capacity 280 Matter Stores 300 Matter Capacity 300 Sight Range 16 Terrain Scan Range 16 Terrain Scan Density 10 Evasion (%) 55 Item Schematics ----------------- None Robot Schematics ------------------ None Fabricated ------------ Nothing Repaired ---------- Nothing Studied --------- None Alien Tech Used ----------------- None Achievements -------------- None Challenges ------------ None Game ------ Seed ElectrostormNuclearRipteeth Manual? 0 Play Time 00:10:26 Cumulative 21.5 hours Start 2026.04.23 @ 13:42:02 End 2026.04.23 @ 23:01:58 Sessions 2 Manual Loads 0 Difficulty Rogue Special Mode None Game No. 32 Rogue 32 Adventurer 0 Explorer 0 Win Type - Total 0 Types 0/0/0/0/0/0/0/0/0/0 Lore% 14 Gallery% 21 Achievement% 19 Wizard Run 0 Options --------- Layout 1 ASCII 0 Keyboard 0 Movement Numpad Keybinds 0 Fullscreen 1 Font 32/SmallcapsGlow Map View 50x35 Zoom Use 0% Tactical HUD 0 Map Filters NONE Filters NONE Steam 1 RUN: 6d5c24b0-a784-420f-ba7f-111265d89d0e